Map: Tryton ER

Players

kers - Winner!

  • Race: Protoss Protoss
  • League: Platinum
  • Spawn Location: 11:00

HGdemone

  • Race: Zerg Zerg
  • League: Gold
  • Spawn Location: 5:00

VOD

Have the link to the VOD?

Description

Time

  • Played on: March 1, 2020, 3:58 p.m.
  • Length: 12:22
Show
View Real Time Build Order
Export as new Build Order

kers Protoss - Winner!

Build Orders: Archon Immortal 

Get SALT Encoding   

  12  0:00  Probe  
  13  0:12  Probe  
  14  0:21  Pylon  
  14  0:25  Probe  
  15  0:39  Probe  
  15  0:41  Gateway  
  16  0:51  Probe  
  16  0:54  Assimilator  
  17  1:03  Probe  
  18  1:15  Probe  
  19  1:27  Probe  
  20  1:34  Cybernetics Core  
  20  1:39  Probe  
  21  1:49  Nexus  
  21  1:52  Pylon  
  20  1:55  Probe  
  21  2:08  Probe  
  22  2:10  Adept  
  24  2:23  Robotics Facility  
  24  2:24  Probe  
  25  2:33  Warp Gate (Chrono Boost)  
  25  2:37  Probe, Assimilator  
  26  2:49  Probe  
  27  2:55  Pylon  
  27  3:01  Probe  
  27  3:02  Probe  
  29  3:13  Probe, Observer  
  29  3:14  Probe  
  32  3:20  Zealot (Chrono Boost)  
  32  3:25  Probe  
  32  3:26  Probe, Shield Battery  
  36  3:37  Probe, Pylon  
  36  3:38  Probe  
  38  3:45  Stalker (Chrono Boost)  
  38  3:48  Observer  
  41  3:49  Probe  
  41  3:50  Probe  
  43  3:57  Forge  
  43  4:01  Probe  
  43  4:02  Probe  
  45  4:12  Gateway  
  45  4:13  Probe, Gateway  
  45  4:14  Probe  
  47  4:18  Stalker  
  49  4:25  Probe  
  49  4:26  Probe  
  49  4:27  Assimilator  
  49  4:29  Assimilator  
  51  4:35  Pylon  
  51  4:38  Probe  
  52  4:39  Probe, Pylon  
  53  4:46  Immortal  
  53  4:50  Probe  
  53  4:51  Probe  
  59  4:55  Protoss Ground Weapons Level 1  
  59  5:01  Twilight Council  
  59  5:02  Probe  
  59  5:03  Probe  
  61  5:08  Sentry  
  61  5:12  Sentry  
  66  5:14  Probe  
  66  5:15  Probe  
  67  5:26  Probe  
  67  5:27  Probe  
  69  5:29  Immortal  
  69  5:34  Zealot x2  
  77  5:38  Probe  
  78  5:44  Pylon  
  78  5:48  Pylon  
  78  5:52  Templar Archives  
  78  6:03  Probe x2  
  78  6:09  Immortal  
  82  6:16  Probe x2, Zealot x2  
  84  6:24  Gateway  
  82  6:25  Gateway  
  82  6:28  Gateway  
  82  6:31  Gateway x2, Pylon  
  82  6:32  Probe x2  
  84  6:35  Gateway  
  84  6:44  Probe  
  84  6:45  Probe, Pylon  
  86  6:48  Pylon  
  86  6:50  Immortal  
  90  6:57  Probe x2  
  92  7:05  Protoss Shields Level 1  
  92  7:07  Charge, Nexus  
  92  7:09  Probe x2, Pylon  
  92  7:13  High Templar x2  
  98  7:18  Archon  
  98  7:30  High Templar  
  98  7:31  High Templar x2  
  98  7:35  Zealot x4  
  112  7:39  Assimilator  
  112  7:41  Assimilator  
  112  7:45  Photon Cannon  
  112  7:46  Probe x2  
  112  7:47  Photon Cannon  
  112  7:49  Photon Cannon  
  112  7:51  High Templar  
  116  7:54  Archon  
  116  7:55  Archon  
  116  7:58  Probe x2  
  118  8:05  Pylon  
  118  8:06  Pylon  
  118  8:07  Pylon  
  118  8:12  Pylon x2  
  118  8:19  Probe x2  
  120  8:23  Immortal  
  120  8:25  Probe  
  125  8:31  Probe  
  125  8:32  Photon Cannon  
  126  8:36  Shield Battery x2  
  126  8:47  High Templar x3  
  126  8:48  High Templar  
  134  9:02  Zealot x5  
  142  9:09  Warp Prism  
  146  9:13  Probe  
  146  9:14  Probe x2, Protoss Ground Weapons Level 2  
  149  9:26  Probe  
  149  9:28  High Templar x3  
  149  9:30  High Templar  
  158  9:32  Archon  
  158  9:33  Archon x2  
  158  9:34  Archon  
  158  9:45  Immortal  
  162  9:52  Zealot x2  
  164  9:53  Zealot x3  
  172  10:02  Pylon x2  
  172  10:03  Pylon  
  172  10:04  Pylon  
  172  10:08  Gateway  
  172  10:09  Gateway  
  172  10:12  Gateway  
  172  10:13  Gateway  
  172  10:26  High Templar x4  
  172  10:27  High Templar  
  166  10:32  High Templar  
  166  10:33  Archon  
  166  10:34  Archon  
  168  10:42  Zealot x3  
  168  10:58  Zealot x5  
  178  11:13  Observer (Chrono Boost)  
  178  11:16  Archon  
  178  11:17  High Templar  
  178  11:18  High Templar x3  
  172  11:33  Observer (Chrono Boost)  
  172  11:48  Zealot  
  172  11:49  Zealot x5  
  172  11:50  Zealot x5  
  194  12:01  High Templar x2  
  194  12:05  Archon  
  194  12:06  Archon x2  
Show
View Real Time Build Order
Export as new Build Order

HGdemone Zerg 

Build Orders: Hatch First 

Get SALT Encoding   

  12  0:02  Drone  
  13  0:19  Drone  
  13  0:20  Overlord  
  14  0:40  Drone x2  
  16  0:46  Drone  
  17  0:58  Drone  
  17  1:00  Hatchery  
  17  1:05  Extractor  
  16  1:15  Drone  
  17  1:21  Spawning Pool  
  16  1:26  Drone  
  16  1:28  Drone  
  18  1:34  Drone  
  19  1:54  Drone  
  19  1:58  Overlord  
  20  2:13  Queen  
  20  2:15  Queen  
  24  2:16  Zergling x4  
  26  2:31  Extractor  
  25  2:38  Metabolic Boost  
  25  2:41  Drone x2  
  25  2:42  Drone  
  28  2:47  Drone x3  
  31  2:55  Overlord  
  29  3:24  Drone x2  
  31  3:29  Drone  
  31  3:30  Roach Warren  
  31  3:31  Evolution Chamber  
  30  3:35  Queen  
  30  3:36  Drone x4, Evolution Chamber  
  35  3:42  Overlord  
  35  4:03  Zerg Missile Weapons Level 1  
  35  4:05  Zerg Ground Armor Level 1  
  35  4:13  Roach  
  35  4:14  Roach x4  
  35  4:16  Roach  
  47  4:41  Overlord  
  47  4:42  Overlord  
  47  5:02  Drone x3  
  47  5:03  Extractor  
  49  5:08  Lair  
  49  5:11  Zergling x8  
  53  5:16  Ravager x2  
  53  5:17  Ravager x2  
  57  5:23  Ravager  
  43  6:38  Zergling x6  
  43  6:39  Zergling x12  
  53  6:40  Zergling x4  
  48  6:52  Zerg Missile Weapons Level 2  
  48  6:53  Hydralisk Den  
  47  7:01  Infestation Pit  
  35  7:37  Lurker Den  
  34  7:39  Zergling x6  
  34  7:40  Zergling x14  
  34  7:41  Zergling x4  
  46  7:45  Zerg Melee Weapons Level 1  
  46  7:47  Hive  
  45  8:27  Baneling Nest  
  45  8:30  Hydralisk  
  45  8:31  Hydralisk x6  
  45  8:32  Hydralisk  
  60  8:58  Adaptive Talons  
  60  9:03  Hatchery  
  60  9:04  Overlord x3  
  60  9:08  Overlord x3  
  59  9:13  Baneling  
  59  9:14  Baneling x5  
  59  9:15  Baneling  
  59  9:16  Centrifical Hooks  
  59  9:27  Lurker x3  
  41  10:49  Zergling x8  
  46  10:50  Zergling x4, Hydralisk  
  46  10:51  Hydralisk x6  
  46  10:54  Seismic Spines  
  46  11:11  Zergling x2  
  30  11:34  Zergling x4  
  30  11:35  Zergling x14  
  30  11:36  Zergling x12  
  30  11:37  Zergling x4  
Tags
 
Composition
Archon Immortal
Matchup
PvZ
Spawn Locations
Cross Positions
Add a new tag
Caveats
  • Supply blocks, unpowered buildings, or Contaminate may cause inaccurate times.
  • Supply counts are checked every 10 seconds.